 Dungeon Crawl Stone Soup version 0.31-a0-479-g91c9547826 (webtiles) character file.

Game seed: 5978537835865889630

31661 Ethylacetat the Cleaver (level 13, -3/72 HPs)
             Began as a Vine Stalker Monk on Aug 7, 2023.
             Was an Initiate of Gozag.
             Slain by a seven-headed hydra (11 damage)
             ... on level 2 of the Lair of Beasts.
             The game lasted 00:37:25 (12241 turns).

Ethylacetat the Cleaver (Vine Stalker Monk)        Turns: 12241, Time: 00:37:27

Health: -3/72      AC:  6    Str: 24    XL:     13   Next: 59%
Magic:  0/28       EV: 12    Int: 10    God:    Gozag
Gold:   2616       SH:  5    Dex: 18    Spells: 33/33 levels left

rFire   + . .        a - +6 trident (venom)
rCold   . . .        d - orb {light}
rNeg    . . .        K - +3 leather armour {rF+}
rPois   .            (helmet currently unavailable)
rElec   .            Q - melded +1 cloak
rCorr   .            A - melded +2 pair of gloves
SInv    +            (boots currently unavailable)
Will    +....        x - amulet of reflection
Stlth   +            R - +6 ring of strength
HPRegen 1.12/turn    u - ring of see invisible
MPRegen 0.21/turn

%: reflection, guardian spirit
@: beast-form, glowing
A: beast (slay +7), fangs 3, regeneration 1, magic shield, antimagic bite, no
potion heal 2
a: Begin Untransformation, Renounce Religion, Potion Petition, Call Merchant,
Bribe Branch


You were on level 2 of the Lair of Beasts.
You worshipped Gozag.
Gozag was most pleased with you.
You were a hulking beast.
You visited 3 branches of the dungeon, and saw 17 of its levels.
You also visited: Ossuary.

You collected 3838 gold pieces.
You spent 128 gold pieces at shops.
You paid 1094 gold pieces to Gozag.

Inventory:

Hand Weapons
 a - a +6 trident of venom (weapon)
 E - a +3 scimitar of freezing
Missiles
 C - a throwing net (quivered)
 D - 6 javelins
 P - 2 datura-tipped darts
 U - 6 curare-tipped darts
Armour
 d - an orb of light (worn)
 A - a +2 pair of gloves (melded)
 K - a +3 leather armour of fire resistance (worn)
 M - a +1 helmet
 Q - a +1 cloak (melded)
Jewellery
 e - a +6 ring of dexterity
 u - a ring of see invisible (right hand)
 x - an amulet of reflection (around neck)
 F - a ring of protection from cold
 R - a +6 ring of strength (left hand)
Talismans
 i - a serpent talisman
 I - a beast talisman (active)
Wands
 v - a wand of flame (36)
 B - a wand of roots (24)
 O - a wand of light (12)
Scrolls
 f - 4 scrolls of fog
 g - 3 scrolls of immolation
 k - 2 scrolls of identify
 m - a scroll of enchant armour
 t - 2 scrolls of poison
 w - a scroll of noise {unknown}
 y - 3 scrolls of silence
 G - 2 scrolls of blinking
 H - a scroll of revelation {unknown}
 J - 3 scrolls of teleportation
 L - 3 scrolls of fear
 S - a scroll of butterflies {unknown}
Potions
 c - 6 potions of ambrosia
 h - 3 potions of mutation
 j - 6 potions of curing
 l - 2 potions of attraction
 n - a potion of degeneration {unknown}
 o - 5 potions of berserk rage
 p - 3 potions of magic
 q - 5 potions of resistance
 r - 2 potions of might
 s - 12 potions of haste
 z - 3 potions of brilliance
 N - 2 potions of enlightenment
Miscellaneous
 b - a phial of floods


   Skills:
 + Level 10.4 Fighting
 + Level 11.1 Axes
 - Level 2.4 Dodging
 + Level 10.8 Spellcasting
 * Level 10.8 Shapeshifting


You had 33 spell levels left.
You didn't know any spells.
Your spell library contained the following spells:

 Spells                   Type           Power      Damage    Failure   Level
 Kiss of Death            Conj/Necr      20%        2d7       14%         1
 Magic Dart               Conj           20%        1d4       14%         1
 Sandblast                Erth           10%        2d5       14%         1
 Call Imp                 Summ           10%        N/A       22%         2
 Cigotuvi's Dreadful Rot  Necr/Pois/Air  10%        N/A       22%         2
 Passwall                 Tmut/Erth      4%         N/A       22%         2
 Searing Ray              Conj           10%        2d4       22%         2
 Static Discharge         Conj/Air       10%        2-3/arc   22%         2
 Call Canine Familiar     Summ           5%         N/A       41%         3
 Confusing Touch          Hex            5%         N/A       41%         3
 Gell's Gravitas          Tloc           5%         N/A       41%         3
 Ignite Poison            Fire/Tmut/Pois 5%         N/A       41%         3
 Mephitic Cloud           Conj/Pois/Air  5%         N/A       41%         3
 Portal Projectile        Hex/Tloc       10%        N/A       41%         3
 Stone Arrow              Conj/Erth      10%        3d7       41%         3
 Teleport Other           Tloc           5%         N/A       41%         3
 Tukima's Dance           Hex            5%         N/A       41%         3
 Airstrike                Air            2%         2d(1-17)  82%         4
 Anguish                  Hex/Necr       2%         N/A       82%         4
 Animate Armour           Summ/Erth      10%        N/A       82%         4
 Cause Fear               Hex            2%         N/A       82%         4
 Dispel Undead            Necr           5%         3d7       82%         4
 Fulminant Prism          Conj/Hex       2%         3d5       82%         4
 Iskenderun's Mystic Bla  Conj/Tloc      5%         2d3       82%         4
 Leda's Liquefaction      Hex/Erth       2%         N/A       82%         4
 Summon Lightning Spire   Summ/Air       5%         N/A       82%         4
 Freezing Cloud           Conj/Ice/Air   2%         6-21      99%         5
 Conjure Ball Lightning   Conj/Air       2%         3x3d6     100%        6
 Dispersal                Tloc           2%         N/A       100%        6
 Leda's Unmaking          Conj/Erth      2%         9d1       100%        6
 Enfeeble                 Hex            2%         N/A       100%        7
 Haunt                    Necr/Summ      2%         N/A       100%        7
 Monstrous Menagerie      Summ           2%         N/A       100%        7
 Borgnjor's Revivificati  Necr           2%         N/A       100%        8
 Lehudib's Crystal Spear  Conj/Erth      2%         10d2      100%        8
 Death's Door             Necr           2%         N/A       100%        9


Dungeon Overview and Level Annotations

Branches:
Dungeon (14/15)            Temple (1/1) D:4            Lair (2/5) D:8
    Orc (0/2) D:11        Ossuary (visited)
  Swamp: Lair:2-3    Shoals: Lair:2-3     Snake: Lair:2-3    Spider: Lair:2-3
 Vaults: D:13-14

Altars:
Ashenzari
Cheibriados
Dithmenos
Elyvilon
Fedhas
Gozag
Hepliaklqana
Kikubaaqudgha
Makhleb
Nemelex Xobeh
Okawaru
Qazlal
Ru
Sif Muna
Trog
Uskayaw
Vehumet
Wu Jian
Xom
Yredelemnul
Zin
The Shining One

Shops:
D:6 :   D:11 *

Portals:
Trove: D:12 (give +7 demon blade)


Innate Abilities, Weirdness & Mutations

You are a hulking beast.
Your limbs bulge with bestial killing power. (Slay +7)
You have razor-sharp teeth.
Your natural rate of healing is unusually fast.
When hurt, damage is shared between your health and your magic reserves.
Your bite disrupts and absorbs the magic of your enemies.
Potions cannot restore your health.


Message History

The seven-headed hydra bites you but does no damage.
The seven-headed hydra bites you!
You block the seven-headed hydra's attack.
The seven-headed hydra bites you! x2
The seven-headed hydra barely misses you.
The seven-headed hydra bites you!
Unknown command.
Aiming: Bolt of Light
Press: ? - help, Shift-Dir - straight line, f/p - seven-headed hydra
Aim: a seven-headed hydra (lightly wounded, haloed, 93% to hit)
The bolt of light hits the seven-headed hydra!
The seven-headed hydra is moderately wounded.
The seven-headed hydra is blinded.
The seven-headed hydra bites you! The seven-headed hydra bites you.
The seven-headed hydra barely misses you.
The seven-headed hydra bites you! The seven-headed hydra bites you.
The seven-headed hydra closely misses you.
The seven-headed hydra misses you.
Reach: a) +6 trident (venom)
Press: ? - help, Dir - move target, f/p - seven-headed hydra
Aim: a seven-headed hydra (moderately wounded, blind, haloed, about 3% to evade your +6 trident of venom)
Okay, then.
Throw: 2 throwing nets
Press: ? - help, Q - select action, (/) - cycle Shift-Dir - straight line, f/p - seven-headed hydra
Aim: a seven-headed hydra (moderately wounded, blind, haloed, 97% to hit, immune to nets)
You throw a throwing net.
The throwing net hits the seven-headed hydra.
The seven-headed hydra is too large for the net to hold!
The seven-headed hydra is moderately wounded.
The seven-headed hydra bites you!
* * * LOW HITPOINT WARNING * * *
The seven-headed hydra bites you.
* * * LOW HITPOINT WARNING * * *
The seven-headed hydra bites you!
* * * LOW HITPOINT WARNING * * *
The seven-headed hydra closely misses you. x2
You block the seven-headed hydra's attack.
The seven-headed hydra bites you!
You die...
Your body crumbles into a pile of gold.

.# ... #...
#.#.#
#....#
#.....#
#...D###
#!.)h.####
#.##.....#
##
###...##.#
###...##
#.#..###
####...###
###
###...##.#.
###...##.
#.#....#


You could see a seven-headed hydra (blind).

Vanquished Creatures
  Gastronok (D:10)
  Snorg (D:9)
  A catoblepas (Lair:1)
  The ghost of bdfhjk the Eclecticist, a journeyman DECj of Elyvilon (Lair:1)
  Erica (D:11)
  2 centaur warriors
  5 two-headed ogres
  2 boulder beetles
  A dancing weapon (Lair:1)
  Urug (Lair:1)
  A deep elf pyromancer (D:13)
  An ugly thing (D:12)
  2 manticores
  3 cyclopes
  Maurice (D:8)
  Joseph (D:7)
  4 elephants (Lair:2)
  A torpor snail (Lair:2)
  2 cane toads (Lair:1)
  3 unseen horrors
  2 kobold demonologists (D:11)
  6 komodo dragons
  A rime drake (Lair:1)
  4 trolls
  A hornet (D:9)
  4 blink frogs (Lair:1)
  Grinder (D:3)
  22 yaks
  A shadow (D:12)
  A wraith (D:9)
  2 wyverns
  A vampire (D:13)
  A basilisk (Lair:1)
  3 vampire mosquitoes (D:12)
  3 wargs (D:8)
  2 acid dragons (D:12)
  Duvessa (D:5)
  3 water moccasins
  7 orc warriors
  2 sky beasts
  4 wolves (Lair:2)
  An ogre (D:5)
  14 centaurs
  3 phantoms
  9 kobold brigands
  3 bullfrogs
  13 wights
  Dowan (D:5)
  11 killer bees
  4 howler monkeys
  A jelly (D:6)
  8 orc priests
  A sleepcap (D:5)
  Ijyb (D:3)
  4 iguanas
  8 orc wizards
  9 mummies
  4 adders
  8 gnolls
  A shadow imp (D:6)
  A white imp (D:8)
  2 ufetubi
  5 dart slugs
  58 orcs
  12 endoplasms
  10 giant cockroaches
  8 hobgoblins
  2 jackals (D:3)
  31 kobolds
  4 quokkas
  6 ball pythons
  8 bats
  8 frilled lizards
  9 goblins
  4 hobgoblin zombies (Ossuary)
  3 kobold zombies (Ossuary)
  An orc zombie (Ossuary)
  7 rats
390 creatures vanquished.

Notes
Turn   | Place    | Note
-------+----------+-------------------------------------------
     0 | D:1      | Ethylacetat the Vine Stalker Monk began the quest for the
                  | Orb.
     0 | D:1      | Reached XP level 1. HP: 11/11 MP: 2/2
     0 | D:1      | Noticed a ghoul
     1 | D:1      | Noticed a vine stalker
     4 | D:1      | Noticed a ghoul
     7 | D:1      | Noticed a vine stalker
    11 | D:1      | Noticed a minotaur skeleton
    15 | D:1      | Noticed a gargoyle
    17 | D:1      | Noticed a merfolk zombie
    37 | D:1      | Found a faded altar of an unknown god.
   185 | D:1      | Reached XP level 2. HP: 13/16 MP: 2/4
   334 | D:1      | Reached skill level 1 in Spellcasting
   381 | D:1      | Reached skill level 3 in Axes
   682 | D:2      | Reached XP level 3. HP: 18/20 MP: 5/5
  1125 | D:2      | Gained mutation: Your natural rate of healing is unusually
                  | fast. [Vine Stalker growth]
  1125 | D:2      | Reached XP level 4. HP: 20/24 MP: 7/7
  1456 | D:2      | Reached XP level 5. HP: 28/28 MP: 9/9
  1667 | D:3      | Found a sparkling altar of Nemelex Xobeh.
  1810 | D:3      | Noticed Grinder
  1817 | D:3      | Paralysed by Grinder for 4 turns
  1831 | D:3      | Killed Grinder
  1832 | D:3      | Reached skill level 4 in Axes
  1832 | D:3      | Reached XP level 6. HP: 27/33 MP: 9/12
  1868 | D:3      | Noticed Ijyb
  1879 | D:3      | Killed Ijyb
  2226 | D:4      | Found a staircase to the Ecumenical Temple.
  2235 | Temple   | Entered the Ecumenical Temple
  2864 | D:5      | Entered Level 5 of the Dungeon
  2944 | D:5      | Noticed Dowan
  2945 | D:5      | Noticed Duvessa
  2966 | D:5      | Killed Duvessa
  2967 | D:5      | Reached XP level 7. HP: 9/38 MP: 1/13
  2967 | D:5      | Killed Dowan
  3130 | D:5      | Reached skill level 5 in Fighting
  3131 | D:5      | Reached skill level 5 in Axes
  3210 | D:5      | Found an opulent altar of Gozag.
  3213 | D:5      | Found an ornate altar of the Wu Jian Council.
  3214 | D:5      | Found a shimmering blue altar of Sif Muna.
  3218 | D:5      | Found a hide-covered altar of Uskayaw.
  3219 | D:5      | Became a worshipper of Gozag Ym Sagoz the Greedy
  3260 | D:5      | Found a shadowy altar of Dithmenos.
  3262 | D:5      | Found a glowing silver altar of Zin.
  3263 | D:5      | Found a shimmering altar of Xom.
  3265 | D:5      | Found a bloodstained altar of Trog.
  3269 | D:5      | Found a sacrificial altar of Ru.
  3270 | D:5      | Found a burning altar of Makhleb.
  3432 | D:5      | Gained mutation: You have razor-sharp teeth. [Vine Stalker
                  | growth]
  3432 | D:5      | Reached XP level 8. HP: 43/43 MP: 14/16
  3809 | D:6      | Reached skill level 5 in Spellcasting
  4021 | D:6      | Reached skill level 6 in Axes
  4056 | D:6      | Found an iron altar of Okawaru.
  4526 | D:6      | Reached skill level 1 in Shapeshifting
  4608 | D:6      | Found Riqug's Book Boutique.
  4822 | D:7      | Reached XP level 9. HP: 43/49 MP: 16/18
  4863 | D:7      | Noticed Joseph
  4886 | D:7      | Killed Joseph
  5045 | D:7      | Found a sand-covered staircase.
  5055 | Ossuary  | Entered an ossuary
  5078 | Ossuary  | Reached skill level 7 in Axes
  6068 | D:8      | Found a staircase to the Lair.
  6129 | D:8      | Reached XP level 10. HP: 55/55 MP: 21/21
  6137 | D:8      | Reached skill level 8 in Axes
  6450 | D:8      | Noticed Maurice
  6468 | D:8      | Killed Maurice
  6802 | D:9      | Paralysed by a hornet for 1 turns
  6804 | D:9      | Reached skill level 5 in Shapeshifting
  7385 | D:10     | Entered Level 10 of the Dungeon
  7385 | D:10     | Noticed Snorg
  7399 | D:10     | Noticed a two-headed ogre
  7412 | D:9      | Killed Snorg
  7564 | D:10     | Noticed a boulder beetle
  7572 | D:10     | Killed a two-headed ogre
  7573 | D:10     | Reached XP level 11. HP: 57/60 MP: 20/24
  7579 | D:9      | Killed a boulder beetle
  7580 | D:9      | Reached skill level 9 in Axes
  7824 | D:10     | Got the Directory of Vehement Production
  7890 | D:10     | Found a blossoming altar of Fedhas.
  7894 | D:10     | Found an ancient bone altar of Kikubaaqudgha.
  8216 | D:10     | Noticed Gastronok
  8235 | D:10     | Killed Gastronok
  8456 | D:11     | Noticed Erica
  8470 | D:11     | Killed Erica
  8473 | D:11     | Noticed a two-headed ogre
  8479 | D:11     | Killed a two-headed ogre
  8572 | D:11     | Found a staircase to the Orcish Mines.
  8585 | D:11     | Noticed a two-headed ogre
  8591 | D:11     | Noticed a sun demon
  8616 | D:11     | Reached XP level 12. HP: 53/65 MP: 26/26
  8634 | D:11     | Killed a two-headed ogre
  8945 | D:11     | Bought a potion of berserk rage for 80 gold pieces
  8945 | D:11     | Bought a potion of lignification for 48 gold pieces
  9002 | D:11     | Noticed a two-headed ogre
  9014 | D:11     | Killed a two-headed ogre
  9015 | D:11     | Reached skill level 10 in Axes
  9018 | D:11     | Noticed a two-headed ogre
  9028 | D:11     | Killed a two-headed ogre
  9862 | D:12     | Noticed a boulder beetle
  9885 | D:12     | Killed a boulder beetle
  9956 | D:12     | Found a portal to a secret trove of treasure.
 10444 | D:13     | Reached skill level 10 in Spellcasting
 10569 | D:13     | Noticed a centaur warrior
 10579 | D:13     | Killed a centaur warrior
 10585 | D:13     | Reached XP level 13. HP: 53/72 MP: 28/28
 10875 | D:14     | Reached skill level 10 in Shapeshifting
 11034 | Lair:1   | Entered Level 1 of the Lair of Beasts
 11094 | Lair:1   | Found a runed translucent door.
 11095 | Lair:1   | Found a shimmering altar of Xom.
 11095 | Lair:1   | Noticed bdfhjk's ghost (journeyman DECj)
 11108 | Lair:1   | Killed bdfhjk's ghost
 11109 | Lair:1   | Reached skill level 10 in Fighting
 11584 | Lair:1   | Noticed Urug
 11590 | Lair:1   | Killed Urug
 11912 | Lair:2   | Reached skill level 11 in Axes
 12241 | Lair:2   | Slain by a seven-headed hydra

Illustrated notes

Levels and vault maps discovered:
D:1:      shiori_arrival_whats_in_store_for_you, layout_basic,
          shapermc_ecumenical_altar_totnotflames
D:2:      minmay_thinvault, layout_basic, minmay_tromino_mix6
D:3:      wad_pebble_path, layout_basic, amcnicky_altar_gilded, uniq_grinder,
          uniq_ijyb
D:4:      layout_basic, minmay_temple_entry_glass, nicolae_underground_beach
D:5:      layout_basic, nicolae_overflow_hallway_of_the_gods, serial_bayou,
          serial_bayou_shore_b, serial_bayou_crossing, serial_bayou_lagoon_a,
          serial_bayou_pond_c, lexackson_kobold_supper, uniq_duvessa
D:6:      layout_basic, okawaru_ov_weapons_minmay, serial_shops,
          nicolae_shop_rolling_square, minivault_5
D:7:      layout_basic, gup_ossuary_entry_pyramid,
          chequers_serial_rivers_micro_d, uniq_joseph
D:8:      layout_gridville, erik_lair_orcish_takeover, uniq_maurice
D:9:      layout_loops_ring, special_room [special_room_orc]
D:10:     layout_long_grid, grunt_temple_overflow_growth_and_decay,
          kennysheep_flooded_box, uniq_gastronok, uniq_snorg
D:11:     layout_cave_pods, david_orc_3, uniq_erica
D:12:     layout_roguey, nicolae_trove_entry_crossroad
D:13:     layout_roguey
D:14:     layout_cave_pools, david_vaults_5, nicolae_twisty_statue_hallways,
          serial_park, serial_park_square3 [serial_park_minivault_5x5_6],
          serial_park_square3 [serial_park_minivault_5x5_7], serial_park_square1
          [serial_park_minivault_5x5_1], kennysheep_nondescript
Temple:   pf_temple_reverse_labyrinth
Lair:1:   layout_gridlike, ebering_ghost_xom, uniq_urug
Lair:2:   layout_cave_pods

Skill      XL: |  1  2  3  4  5  6  7  8  9 10 11 12 13 |
---------------+----------------------------------------+-----
Fighting       | 3 4 5 6 7 8 9 10 | 10.4
Spellcasting   | 1 2 3 4 5 6 8 9 10 | 10.8
Axes           | 3 4 5 6 7 8 9 10 11 | 11.1
Shapeshifting  | 1 4 6 8 9 10 | 10.8
Dodging        | |  2.4

Action                     |  1- 3 |  4- 6 |  7- 9 | 10-12 | 13-15 || total
---------------------------+-------+-------+-------+-------+-------++-------
  Melee: Hand axe          |    79 |   154 |   123 |       |       ||   356
         Bite              |    18 |    68 |   119 |   128 |    54 ||   387
         Trident           |       |       |   188 |   398 |   127 ||   713
         Scimitar          |       |       |     8 |       |       ||     8
  Throw: Dart              |       |       |       |    41 |     1 ||    42
         Throwing net      |       |       |       |       |     1 ||     1
 Invoke: Potion Petition   |       |       |       |     1 |       ||     1
         Call Merchant     |       |       |       |     1 |       ||     1
  Evoke: Wand              |       |       |       |       |     1 ||     1
    Use: Scroll            |       |       |     8 |    16 |       ||    24
         Potion            |       |       |     1 |       |       ||     1
   Stab: Distracted        |       |       |     2 |     5 |     3 ||    10
 Armour: Robe              |    17 |     2 |       |       |       ||    19
         Chain mail        |       |    55 |    72 |       |       ||   127
         Leather armour    |       |       |    17 |    52 |    17 ||    86
  Dodge: Dodged            |    57 |    74 |   116 |   160 |    57 ||   464
  Block: Orb               |       |    17 |    53 |    66 |    21 ||   157
         Reflection        |       |       |     3 |    13 |       ||    16
   Form: Beast             |       |       |     1 |     1 |       ||     2
                           |       |       |       |     1 |       ||     1

Table legend: (Time is in decaauts)
 A = Elapsed time spent in this place.
 B = Non-inter-level travel time spent in this place.
 C = Inter-level travel time spent in this place.
 D = Time resting spent in this place.
 E = Time spent auto-exploring this place.
 F = Levels seen in this place.
 G = Mean time per level.
                   A        B        C        D        E       F      G
               +--------+--------+--------+--------+--------+-----+--------+
         Total |  12353 |  11784 |    569 |    227 |   9030 |  18 |  686.3 |
       Dungeon |  10922 |  10386 |    536 |    227 |   7983 |  14 |  780.1 |
        Temple |     10 |     10 |      0 |      0 |      0 |   1 |   10.0 |
          Lair |   1207 |   1175 |     32 |      0 |    913 |   2 |  603.5 |
       Ossuary |    214 |    214 |      0 |      0 |    134 |   1 |  214.0 |
               +--------+--------+--------+--------+--------+-----+--------+

Top non-repeatable levels by time:
    D:11: 1111 daAuts
     D:5: 1060 daAuts
     D:9: 942 daAuts
     D:2: 931 daAuts
     D:6: 925 daAuts
     D:7: 880 daAuts
  Lair:1: 859 daAuts
    D:10: 840 daAuts
    D:12: 813 daAuts
     D:8: 808 daAuts
     D:1: 679 daAuts
     D:4: 673 daAuts
    D:13: 624 daAuts
     D:3: 592 daAuts
  Lair:2: 347 daAuts
